 Dungeon Crawl Stone Soup version 0.31-a0-640-g39d97e502b (webtiles) character file.

Game seed: 10405255587859868823

357 sampeng1 the Covered (level 6, 0/48 HPs)
             Began as a Human Fighter on Aug 27, 2023.
             Was a Follower of Okawaru.
             Slain by a gnoll
             ... wielding a +0 whip of venom
              (4 damage)
             ... on level 5 of the Dungeon.
             The game lasted 00:09:56 (3461 turns).

sampeng1 the Covered (Human Fighter)                Turns: 3461, Time: 00:09:57

Health: 0/48       AC:  7    Str: 18    XL:     6   Next: 96%
Magic:  6/6        EV: 10    Int:  8    God:    Okawaru [*.....]
Gold:   210        SH:  5    Dex: 13    Spells: 5/5 levels left

rFire   . . .        a - +0 war axe
rCold   . . .        c - +0 buckler
rNeg    . . .        b - +0 scale mail
rPois   .            (no helmet)
rElec   .            (no cloak)
rCorr   .            (no gloves)
SInv    .            (no boots)
Will    .....        o - amulet of the acrobat Stlth
                     r - ring of wizardry
HPRegen 0.28/turn    (no ring)
MPRegen 0.10/turn

%: acrobat, wizardry (x1)
@: mighty, lethally poisoned (0 -> -4)
A: no striking features
a: Renounce Religion, Heroism


You were on level 5 of the Dungeon.
You worshipped Okawaru.
Okawaru was aware of your devotion.
You visited 1 branch of the dungeon, and saw 5 of its levels.

You collected 210 gold pieces.

Inventory:

Hand Weapons
 a - a +0 war axe (weapon)
Missiles
 k - 6 boomerangs
 m - 4 curare-tipped darts (quivered)
Armour
 b - a +0 scale mail (worn)
 c - a +0 buckler (worn)
Jewellery
 l - a +6 ring of intelligence
 o - an amulet of the acrobat (around neck)
 r - a ring of wizardry (left hand)
Wands
 g - a wand of flame (6)
Scrolls
 e - a scroll of amnesia {unknown}
 n - a scroll of enchant armour {unknown}
 p - a scroll of revelation {unknown}
 t - 2 scrolls of identify
Potions
 f - a potion of invisibility
 i - 3 potions of brilliance
 j - 2 potions of ambrosia
 q - a potion of resistance
 s - a potion of haste {unknown}
 u - 2 potions of attraction


   Skills:
 + Level 4.2 Fighting
 + Level 3.5 Axes
 + Level 4.2 Armour
 + Level 2.1 Dodging
 + Level 4.2 Shields


You had 5 spell levels left.
You didn't know any spells.
Your spell library was empty.

Dungeon Overview and Level Annotations

Branches:
Dungeon (5/15)             Temple (0/1) D:4

Altars:
Kikubaaqudgha
Okawaru
Qazlal
Wu Jian


Message History

The scorpion closely misses you.
You feel very mighty all of a sudden.
You feel sick. The scorpion barely misses you.
The gnoll hits you but does no damage.
The orc priest begins to cast a cantrip, but forgets the words!
The gnoll hits you from afar with a +0 halberd.
The ufetubus shouts!
You slash the gnoll!
You kill the gnoll!
Okawaru accepts your kill.
You slash the orc priest! You slash the scorpion!
You feel sick. The scorpion closely misses you. The gnoll barely misses you.
The orc priest closely misses you. The scorpion closely misses you.
You barely miss the orc priest.
The orc priest is almost dead.
You slash the scorpion!
You kill the scorpion!
Okawaru accepts your kill.
You feel sick.
You are no longer poisoned.
You block the gnoll's attack. The orc priest misses you.
The orc priest miscasts a cantrip.
The gnoll throws a throwing net.
The throwing net closely misses you.
Your Dodging skill increases to level 2!
You barely miss the orc priest.
The orc priest is almost dead.
You closely miss the gnoll. The gnoll hits you but does no damage.
You are poisoned.
The gnoll hits you from afar with a +0 halberd!
The orc priest calls down the wrath of Beogh upon you.
Beogh smites you!
* * * LOW HITPOINT WARNING * * *
You hit the orc priest.
You kill the orc priest!
Okawaru accepts your kill.
You closely miss the gnoll.
* * * LOW HITPOINT WARNING * * *
You feel very sick.
The gnoll hits you with a +0 whip of venom.
You die...

..##..
.....
.... ...
..###
##g...##
#)5....#+
#@gg....#
###+##...


You could see 3 gnolls and an ufetubus.

Vanquished Creatures
  2 scorpions
  A hound (D:3)
  2 orc priests (D:5)
  A jelly (D:4)
  2 gnolls
  3 adders
  A shadow imp (D:3)
  An ufetubus (D:4)
  A worm (D:2)
  2 dart slugs
  8 orcs
  7 endoplasms
  A giant cockroach (D:3)
  6 goblins
  9 hobgoblins
  5 jackals
  3 kobolds
  3 quokkas
  7 ball pythons
  6 bats
  3 frilled lizards
  2 rats (D:1)
76 creatures vanquished.

Notes
Turn   | Place    | Note
-------+----------+-------------------------------------------
     0 | D:1      | sampeng1 the Human Fighter began the quest for the Orb.
     0 | D:1      | Reached XP level 1. HP: 18/18 MP: 1/1
    72 | D:1      | Reached XP level 2. HP: 9/24 MP: 2/2
   258 | D:1      | Found a faded altar of an unknown god.
   343 | D:1      | Reached XP level 3. HP: 29/29 MP: 3/3
  1023 | D:1      | Prayed at the altar of an unknown god.
  1023 | D:1      | Became a worshipper of Warmaster Okawaru
  1023 | D:1      | Reached * piety under Okawaru
  1127 | D:2      | Reached XP level 4. HP: 29/35 MP: 4/4
  1345 | D:2      | Found an ancient bone altar of Kikubaaqudgha.
  1790 | D:3      | Found a stormy altar of Qazlal.
  1951 | D:3      | Reached XP level 5. HP: 34/41 MP: 5/5
  2150 | D:3      | Reached skill level 1 in Dodging
  2773 | D:4      | Reached XP level 6. HP: 9/48 MP: 6/6
  2777 | D:4      | HP: 1/48 [ufetubus (4)]
  3027 | D:4      | Found a staircase to the Ecumenical Temple.
  3057 | D:4      | Found an ornate altar of the Wu Jian Council.
  3443 | D:5      | Entered Level 5 of the Dungeon
  3461 | D:5      | Slain by a gnoll

Illustrated notes

Levels and vault maps discovered:
D:1:      wander_arrival_lonely_grave, layout_basic,
          hellmonk_ecumenical_altar_slurped_away
D:2:      layout_basic, basic_altar, minmay_pentomino_o4
D:3:      layout_basic, mainiacjoe_overflow_catwalk,
          minmay_randomly_rotated_circles
D:4:      layout_cave_pools, nzn_wu_jian_contemplation,
          minmay_temple_entry_statues_pillars, minmay_fractal_squares_5
D:5:      minmay_spotlight, layout_gridville, tso_metal_star,
          mainiacjoe_overflow_surrounded_room, uniq_blork_the_orc

Skill      XL: |  1  2  3  4  5  6 |
---------------+-------------------+-----
Dodging        | 1 2 |  2.1
Axes           | 3 |  3.5
Armour         | 4 |  4.2
Shields        | 4 |  4.2
Fighting       | 4 |  4.2

Action                     |  1- 3 |  4- 6 || total
---------------------------+-------+-------++-------
  Melee: War axe           |    58 |   148 ||   206
 Invoke: Heroism           |       |     2 ||     2
    Use: Potion            |       |     9 ||     9
         Scroll            |       |     6 ||     6
 Armour: Scale mail        |    35 |    82 ||   117
  Dodge: Dodged            |    31 |   120 ||   151
  Block: Buckler           |    19 |    46 ||    65

Table legend: (Time is in decaauts)
 A = Elapsed time spent in this place.
 B = Non-inter-level travel time spent in this place.
 C = Inter-level travel time spent in this place.
 D = Time resting spent in this place.
 E = Time spent auto-exploring this place.
 F = Levels seen in this place.
 G = Mean time per level.
                   A        B        C        D        E       F      G
               +--------+--------+--------+--------+--------+-----+--------+
         Total |   3557 |   3216 |    341 |     61 |   2321 |   5 |  711.4 |
       Dungeon |   3557 |   3216 |    341 |     61 |   2321 |   5 |  711.4 |
               +--------+--------+--------+--------+--------+-----+--------+

Top non-repeatable levels by time:
     D:3: 1098 daAuts
     D:1: 1043 daAuts
     D:4: 700 daAuts
     D:2: 694 daAuts
     D:5: 21 daAuts
